 Dungeon Crawl Stone Soup version 0.28-a0-691-gad6df49e81 (webtiles) character file.

Game seed: 14221039629745076828

2 willcat the Sneak (level 1, -2/18 HPs)
             Began as a Human Delver on Oct 23, 2021.
             Killed from afar by a white imp (8 damage)
             ... with a puff of frost
             ... on level 5 of the Dungeon.
             The game lasted 00:00:10 (55 turns).

willcat the Sneak (Human Delver)                      Turns: 55, Time: 00:00:10

Health: -2/18      AC:  3    Str: 12    XL:     1   Next: 44%
Magic:  1/1        EV: 12    Int: 10    God:
Gold:   0          SH:  0    Dex: 14    Spells: 0/0 levels left

rFire   . . .      SeeInvis .   a - +0 short sword
rCold   . . .      Faith    .   (no shield)
rNeg    . . .      Spirit   .   b - +0 leather armour
rPois   .          Reflect  .   (no helmet)
rElec   .          Harm     .   (no cloak)
rCorr   .          Rampage  .   (no gloves)
Will    .....                   (no boots)
Stlth   +++.......              (no amulet)
HPRegen 0.06/turn               (no ring)
MPRegen 0.07/turn               (no ring)

@: no status effects
A: no striking features
a: no special abilities


You were on level 5 of the Dungeon.
You visited 1 branch of the dungeon, and saw 1 of its levels.

Inventory:

Hand Weapons
 a - a +0 short sword (weapon)
Armour
 b - a +0 leather armour (worn)
Wands
 g - a wand of digging (3)
 i - a wand of flame (18)
Scrolls
 c - a scroll of fog
 d - a scroll of magic mapping
 e - a scroll of fear
Potions
 f - a potion of haste
 h - a potion of heal wounds {unknown}


   Skills:
 - Level 3.0 Fighting
 + Level 2.0 Short Blades
 + Level 2.0 Dodging
 + Level 5.0 Stealth


You couldn't memorise any spells.
You didn't know any spells.
Your spell library was empty.

Dungeon Overview and Level Annotations

Branches:
Dungeon (5/15)
 Temple: D:4-7

Altars:


Message History

Found a stone staircase leading up.
A white imp comes into view.
A white imp is nearby!
A white imp is nearby!
The white imp shouts!
The white imp gestures at you. The puff of frost hits you.
There is a stone staircase leading up here.
You hit the white imp but do no damage.
The white imp hits you but does no damage.
You hit the white imp but do no damage. The white imp hits you.
The white imp freezes you.
You are too injured to fight recklessly!
You are too injured to fight recklessly!
You are too injured to fight recklessly!
You are too injured to fight recklessly!
Unknown command.
You hit the white imp but do no damage. The white imp completely misses you.
You hit the white imp but do no damage. The white imp gestures at you.
The puff of frost hits you.
You hit the white imp but do no damage. The white imp closely misses you.
Unknown command.
You hit the white imp.
The white imp is lightly wounded.
The white imp barely misses you.
Unknown command.
You completely miss the white imp.
The white imp is lightly wounded.
The white imp barely misses you.
Unknown command.
You hit the white imp but do no damage. The white imp closely misses you.
Unknown command.
You barely miss the white imp.
The white imp hits you but does no damage.
Unknown command.
You closely miss the white imp. The white imp gestures at you.
The puff of frost hits you!
You die...

.......##
###.####.#
#...##.#
#.####.#
.....# #
#[..##.####
####.#
###.......#
...
#.##.##.#
...#
#.#####.##.#
# ..
...........#
######..####
#.@#
#.5......#
#..#######
#.## #. #.
.. #.


You could see a white imp.

Vanquished Creatures
  A dart slug (D:5)
1 creature vanquished.

Notes
Turn   | Place    | Note
-------+----------+-------------------------------------------
     0 | D:5      | willcat the Human Delver began the quest for the Orb.
     0 | D:5      | Reached XP level 1. HP: 18/18 MP: 1/1
    55 | D:5      | Killed from afar by a white imp

Illustrated notes

Levels and vault maps discovered:
D:5:      layout_loops_ring, minmay_temple_entry_sparse_star,
          uniq_crazy_yiuf_cottage, uniq_blork_the_orc

Action                   || total
-------------------------++-------
Melee: Short sword       ||    11
 Stab: Sleeping          ||     1
Armor: Leather armour    ||     2
Dodge: Dodged            ||     5

Table legend: (Time is in decaauts)
 A = Elapsed time spent in this place.
 B = Non-inter-level travel time spent in this place.
 C = Inter-level travel time spent in this place.
 D = Time resting spent in this place.
 E = Time spent auto-exploring this place.
 F = Levels seen in this place.
 G = Mean time per level.
                   A        B        C        D        E       F      G
               +--------+--------+--------+--------+--------+-----+--------+
         Total |     55 |     55 |      0 |      0 |     30 |   1 |   55.0 |
       Dungeon |     55 |     55 |      0 |      0 |     30 |   1 |   55.0 |
               +--------+--------+--------+--------+--------+-----+--------+

Top non-repeatable levels by time:
     D:5: 55 daAuts
